 Dungeon Crawl Stone Soup version 0.29-a0-757-g358383bc75 (webtiles) character file.

Game seed: 2366845971875234495

1783 crusatyr the Cleaver (level 9, -6/79 HPs)
             Began as a Hill Orc Fighter on July 1, 2022.
             Was a Follower of Wu Jian.
             Mangled by Blork the orc
             ... wielding a +0 glaive
              (7 damage)
             ... on level 6 of the Dungeon.
             The game lasted 00:11:19 (6081 turns).

crusatyr the Cleaver (Hill Orc Fighter)             Turns: 6081, Time: 00:11:19

Health: -6/79      AC: 15    Str: 23    XL:     9   Next: 8%
Magic:  9/9        EV:  6    Int:  8    God:    Wu Jian [*.....]
Gold:   198        SH:  5    Dex: 10    Spells: 8/8 levels left

rFire   . . .      SeeInvis +   a - +0 war axe (freeze)
rCold   . . .      Faith    .   c - +0 buckler
rNeg    . . .      Spirit   .   A - +0 plate armour
rPois   .          Reflect  .   (no helmet)
rElec   .          Harm     .   g - +1 cloak
rCorr   .          Rampage  .   e - +1 pair of gloves
Will    +....                   (no boots)
Stlth   ..........              (no amulet)
HPRegen 0.23/turn               u - ring of see invisible
MPRegen 0.11/turn               b - ring of willpower

@: attractive, hasted, very quick
A: no striking features
a: Renounce Religion


You were on level 6 of the Dungeon.
You worshipped Wu Jian.
Wu Jian was aware of your devotion.
You visited 2 branches of the dungeon, and saw 7 of its levels.

You collected 198 gold pieces.

Inventory:

Hand Weapons
 a - a +0 war axe of freezing (weapon)
 l - a +0 mace
 w - a +2 whip of flaming
Armour
 c - a +0 buckler (worn)
 e - a +1 pair of gloves (worn)
 g - a +1 cloak (worn)
 A - a +0 plate armour (worn)
Jewellery
 b - a ring of willpower (right hand)
 u - a ring of see invisible (left hand)
Wands
 n - a wand of charming (12)
Scrolls
 k - a scroll of enchant armour
 y - a scroll of teleportation
Potions
 f - a potion of mutation
 h - 2 potions of lignification
 i - 3 potions of flight
 s - a potion of cancellation {unknown}
 t - a potion of brilliance {unknown}
 v - a potion of ambrosia {unknown}
 z - a potion of degeneration {unknown}


   Skills:
 + Level 7.1 Fighting
 * Level 12.6 Axes
 - Level 3.2 Armour
 - Level 5.0 Shields


You had 8 spell levels left.
You didn't know any spells.
Your spell library contained the following spells:

 Spells                   Type           Power      Damage    Failure   Level
 Frozen Ramparts          Ice            0%         1d2       100%        3
 Ice Form                 Ice/Tmut       0%         N/A       100%        4
 Summon Ice Beast         Ice/Summ       0%         N/A       100%        4


Dungeon Overview and Level Annotations

Branches:
Dungeon (6/15)             Temple (1/1) D:4

Altars:
Ashenzari
Cheibriados
Elyvilon
Fedhas
Gozag
Hepliaklqana
Kikubaaqudgha
Makhleb
Nemelex Xobeh
Qazlal
Ru
Sif Muna
Trog
Uskayaw
Vehumet
Wu Jian
Yredelemnul
The Shining One

Shops:
D:1 [

Annotations:
D:6 Blork the orc


Message History

Blork the orc looks satisfied for a moment.
Blork the orc struggles against the net.
Blork the orc casts a spell at you.
The puff of frost hits you but does no damage.
Blork the orc struggles against the net.
You see here a +0 flail.
You spin and attack Blork the orc.
You hit Blork the orc. You freeze Blork the orc.
Blork the orc is lightly wounded.
Blork the orc screams, "Die!"
Blork the orc struggles against the net.
You spin and attack Blork the orc.
You catch the helpless Blork the orc completely off-guard!
You hit Blork the orc. You freeze Blork the orc.
Blork the orc is lightly wounded.
Blork the orc struggles against the net.
The net rips apart, and Blork the orc comes free!
Okay, then.
Okay, then.
It was a potion of curing.
You feel better. You block Blork the orc's attack.
Blork the orc hits you but does no damage.
You hit Blork the orc. You freeze Blork the orc.
Blork the orc is heavily wounded.
Blork the orc hits you with a +0 glaive!
* * * LOW HITPOINT WARNING * * *
You completely miss Blork the orc.
Blork the orc is heavily wounded.
Blork the orc hits you with a +0 glaive.
* * * LOW HITPOINT WARNING * * *
Blork the orc hits you with a +0 glaive.
* * * LOW HITPOINT WARNING * * *
It was a potion of attraction.
You feel attractive to monsters.
Blork the orc hits you with a +0 glaive.
* * * LOW HITPOINT WARNING * * *
It was a potion of haste.
You feel yourself speed up.
Blork the orc hits you with a +0 glaive.
* * * LOW HITPOINT WARNING * * *
Blork the orc hits you with a +0 glaive!
You die...

.......#
.......##
..†.....##
......#..###
......##...###
......####...##
......#
##...###
.....##
###...###
.....# ##.o@(##
....##
####)...# ....#
#...##.##
#...##.#
##.##..# ##
#.## ##.# ##.##
###..#


You could see Blork the orc (fast).

Vanquished Creatures
  An ice beast (D:6)
  An orc warrior (D:6)
  A black bear (D:5)
  2 ogres (D:5)
  A phantom (D:6)
  2 bullfrogs
  2 scorpions
  4 necrophages
  6 hounds
  2 orc priests (D:6)
  A gnoll shaman (D:5)
  Jessica (D:3)
  4 iguanas
  Ijyb (D:5)
  Natasha (thrice) (D:3)
  An orc wizard (D:6)
  8 adders
  4 gnolls
  A shadow imp (D:6)
  3 ufetubi
  3 worms
  6 dart slugs
  15 orcs
  4 endoplasms
  4 giant cockroaches
  5 goblins
  8 hobgoblins
  6 jackals
  5 quokkas
  6 ball pythons
  9 bats
  3 frilled lizards
  8 kobolds
  4 rats
135 creatures vanquished.

Notes
Turn   | Place    | Note
-------+----------+-------------------------------------------
     0 | D:1      | crusatyr the Hill Orc Fighter began the quest for the Orb.
     0 | D:1      | Reached XP level 1. HP: 19/19 MP: 1/1
    12 | D:1      | Found a faded altar of an unknown god.
   171 | D:1      | Reached skill level 3 in Axes
   296 | D:1      | Reached XP level 2. HP: 26/26 MP: 2/2
   774 | D:1      | Found Ijoyteig's Armour Boutique.
   795 | D:1      | Reached skill level 4 in Axes
   856 | D:1      | Reached XP level 3. HP: 31/31 MP: 3/3
  1374 | D:2      | Reached XP level 4. HP: 32/39 MP: 4/4
  1524 | D:2      | Reached skill level 5 in Axes
  2414 | D:3      | Noticed Natasha
  2427 | D:3      | Killed Natasha
  2428 | D:3      | Reached XP level 5. HP: 39/45 MP: 5/5
  2649 | D:3      | Reached skill level 6 in Axes
  2692 | D:3      | Noticed Jessica
  2723 | D:3      | Killed Jessica
  2900 | D:3      | Noticed Natasha
  2911 | D:3      | Killed Natasha
  3234 | D:3      | Noticed Natasha
  3244 | D:3      | Killed Natasha
  3245 | D:3      | Reached XP level 6. HP: 37/51 MP: 6/6
  3362 | D:4      | Reached skill level 7 in Axes
  3362 | D:4      | Reached skill level 5 in Shields
  3392 | D:4      | Found a staircase to the Ecumenical Temple.
  3406 | Temple   | Entered the Ecumenical Temple
  3481 | Temple   | Became a worshipper of the Wu Jian Council
  3643 | D:4      | Reached skill level 8 in Axes
  3732 | D:4      | Reached XP level 7. HP: 53/57 MP: 7/7
  3988 | D:4      | Found a blossoming altar of Fedhas.
  4042 | D:4      | Found an opulent altar of Gozag.
  4269 | D:5      | Entered Level 5 of the Dungeon
  4302 | D:5      | Reached skill level 9 in Axes
  4847 | D:5      | Noticed Ijyb
  4963 | D:5      | Reached * piety under Wu Jian
  4964 | D:5      | Reached skill level 10 in Axes
  4976 | D:5      | Reached skill level 5 in Fighting
  4976 | D:5      | Reached XP level 8. HP: 47/68 MP: 8/8
  4982 | D:5      | Killed Ijyb
  5455 | D:6      | Noticed Blork the orc
  5589 | D:6      | Reached skill level 11 in Axes
  5920 | D:6      | Reached skill level 12 in Axes
  6070 | D:6      | Reached XP level 9. HP: 30/79 MP: 9/9
  6081 | D:6      | HP: 1/79 [Blork the orc/+0 glaive (5)]
  6081 | D:6      | Mangled by Blork the orc

Illustrated notes

Levels and vault maps discovered:
D:1:      ebering_trefoil_3fold, layout_basic, ebering_ecumenical_altar_ruins,
          serial_shops, shop
D:2:      layout_basic, minmay_misc_feat_doors
D:3:      layout_basic, minmay_misc_feat_roman, kennysheep_flooded_box,
          serial_bayou_pond_d, uniq_natasha, uniq_jessica
D:4:      layout_loops_ring, kennysheep_mini_moat, mainiacjoe_overflow_alcove_4,
          minmay_temple_entry_waves
D:5:      layout_gridville, uniq_ijyb
D:6:      minmay_clustersquares, layout_cave_pods, grunt_potential,
          uniq_eustachio, uniq_blork_the_orc
Temple:   nicolae_temple_x_marks_the_god

Skill      XL: |  1  2  3  4  5  6  7  8 |
---------------+-------------------------+-----
Axes           | 3 4 5 6 8 10 12 | 12.6
Shields        | 4 5 |  5.0
Fighting       | 5 7 |  7.1
Armour         | |  3.2

Action                   |  1- 3 |  4- 6 |  7- 9 || total
-------------------------+-------+-------+-------++-------
Melee: War axe           |    88 |   155 |   199 ||   442
Throw: Throwing net      |       |       |     1 ||     1
Invok: Lunge             |       |     3 |    14 ||    17
       Whirlwind         |       |       |    10 ||    10
  Use: Scroll            |       |     6 |     5 ||    11
       Potion            |       |       |     4 ||     4
 Stab: Held in net/web   |       |       |     1 ||     1
Armor: Scale mail        |    43 |    67 |     4 ||   114
       Chain mail        |       |       |    44 ||    44
       Plate armour      |       |       |    72 ||    72
Dodge: Dodged            |    34 |    78 |    63 ||   175
Block: Buckler           |    21 |    34 |    47 ||   102

Table legend: (Time is in decaauts)
 A = Elapsed time spent in this place.
 B = Non-inter-level travel time spent in this place.
 C = Inter-level travel time spent in this place.
 D = Time resting spent in this place.
 E = Time spent auto-exploring this place.
 F = Levels seen in this place.
 G = Mean time per level.
                   A        B        C        D        E       F      G
               +--------+--------+--------+--------+--------+-----+--------+
         Total |   6182 |   5961 |    221 |    609 |   4194 |   7 |  883.1 |
       Dungeon |   6101 |   5885 |    216 |    609 |   4148 |   6 | 1016.8 |
        Temple |     81 |     76 |      5 |      0 |     46 |   1 |   81.0 |
               +--------+--------+--------+--------+--------+-----+--------+

Top non-repeatable levels by time:
     D:1: 1333 daAuts
     D:3: 1237 daAuts
     D:5: 1200 daAuts
     D:2: 870 daAuts
     D:4: 847 daAuts
     D:6: 611 daAuts
  Temple: 81 daAuts
